 Dungeon Crawl Stone Soup version 0.31.0-32-g396128a36d (webtiles) character file.

Game seed: 10836513728563590726

76 imdaedric the Conjurer (level 4, -1/24 HPs)
             Began as a Deep Elf Conjurer on Apr 8, 2024.
             Slain by Ijyb
             ... wielding a +0 dagger
              (3 damage)
             ... on level 3 of the Dungeon.
             The game lasted 00:04:20 (2106 turns).

imdaedric the Conjurer (Deep Elf Conjurer)          Turns: 2106, Time: 00:04:21

Health: -1/24      AC:  3    Str:  4    XL:     4   Next: 12%
Magic:  3/12       EV: 12    Int: 25    God:
Gold:   114        SH:  0    Dex: 13    Spells: 9/12 levels left

rFire   . . .        n - +0 dagger (holy)
rCold   . . .        (no shield)
rNeg    . . .        a - +0 robe
rPois   +            i - +0 helmet
rElec   .            (no cloak)
rCorr   .            (no gloves)
SInv    .            (no boots)
Will    .....        (no amulet)
Stlth   ++           q - ring of poison resistance
HPRegen 0.24/turn    (no ring)
MPRegen 0.13/turn

%: no passive effects
@: no status effects
A: no striking features
a: no special abilities


You were on level 3 of the Dungeon.
You visited 1 branch of the dungeon, and saw 4 of its levels.

You collected 114 gold pieces.

Inventory:

Hand Weapons
 n - a +0 dagger of holy wrath (weapon)
Armour
 a - a +0 robe (worn)
 e - an orb of light
 i - a +0 helmet (worn)
Jewellery
 q - a ring of poison resistance (left hand)
Scrolls
 d - a scroll of teleportation
 h - a scroll of vulnerability {unknown}
 j - a scroll of blinking {unknown}
 l - a scroll of noise {unknown}
Potions
 b - a potion of magic
 c - a potion of invisibility {unknown}
 f - a potion of attraction {unknown}
 g - 2 potions of mutation {unknown}
 k - 2 potions of brilliance
 m - a potion of curing {unknown}
 o - a potion of might {unknown}
 p - a potion of cancellation {unknown}
 r - a potion of enlightenment {unknown}


   Skills:
 - Level 2.4 Dodging
 - Level 2.4 Stealth
 * Level 4.7 Spellcasting
 * Level 5.3 Conjurations
 + Level 0.0 Translocations
 + Level 0.6 Earth Magic
 + Level 0.0 Alchemy


You had 9 spell levels left.
You knew the following spells:

 Your Spells              Type           Power      Damage    Failure   Level
a - Magic Dart            Conj           100%       1d8       1%          1
x - Searing Ray           Conj           64%        2d6       1%          2

Your spell library contained the following spells:

 Spells                   Type           Power      Damage    Failure   Level
 Sandblast                Erth           16%        2d6       7%          1
 Stone Arrow              Conj/Erth      40%        3d9       8%          3
 Lesser Beckoning         Tloc           10%        N/A       13%         2
 Passwall                 Erth           8%         N/A       21%         3
 Gell's Gravitas          Tloc           5%         N/A       26%         3
 Teleport Other           Tloc           5%         N/A       26%         3
 Brom's Barrelling Bould  Conj/Erth      20%        2d4       26%         4
 Fulminant Prism          Conj/Alch      9%         3d7       28%         4
 Iskenderun's Mystic Bla  Conj/Tloc      19%        2d6       28%         4


Dungeon Overview and Level Annotations

Branches:
Dungeon (4/15)
 Temple: D:4-7

Altars:
Cheibriados
Nemelex Xobeh
Trog
The Shining One

Shops:
D:2 (

Annotations:
D:2 Sigmund
D:3 Ijyb


Message History

You can't see any susceptible monsters within range! (Use Z to cast anyway.)
Casting: Magic Dart (safe; 1% risk of failure)
Confirm with . or Enter, or press ? or * to list all spells.
Aiming: Magic Dart (safe; 1% risk of failure)
Press: ? - help, Shift-Dir - straight line, f - Ijyb
Aim: Ijyb, wielding a +0 dagger, wearing a +3 leather armour of cold resistance and carrying a wand of mindburst (100% to hit)
The magic dart hits Ijyb.
Ijyb is lightly wounded.
A kobold comes into view. It is wielding a +0 dagger.
Casting: Magic Dart (safe; 1% risk of failure)
Confirm with . or Enter, or press ? or * to list all spells.
Aiming: Searing Ray (safe; 1% risk of failure)
Press: ? - help, Shift-Dir - straight line, f/p - Ijyb
Aim: Ijyb, wielding a +0 dagger, wearing a +3 leather armour of cold resistance and carrying a wand of mindburst (lightly wounded, 76% to hit)
The searing ray hits Ijyb.
Ijyb is moderately wounded. (Press . to maintain the ray.)
The searing ray hits Ijyb!
Ijyb is severely wounded.
The searing ray hits the ball python.
You kill the ball python!
The searing ray hits Ijyb but does no damage.
Ijyb is severely wounded.
Ijyb zaps a wand.
Your mind is blasted!
Ouch! That really hurt!
* * * LOW HITPOINT WARNING * * *
Casting: Searing Ray (safe; 1% risk of failure)
Confirm with . or Enter, or press ? or * to list all spells.
Restarting spell: Searing Ray (safe; 1% risk of failure)
Press: ? - help, Shift-Dir - straight line, f/p - Ijyb
Aim: Ijyb, wielding a +0 dagger, wearing a +3 leather armour of cold resistance and carrying a wand of mindburst (severely wounded, 76% to hit)
The searing ray hits Ijyb.
Ijyb is severely wounded. (Press . to maintain the ray.)
The searing ray hits Ijyb but does no damage.
Ijyb is severely wounded.
The searing ray hits the kobold!
You kill the kobold!
The searing ray misses Ijyb.
Ijyb hits you with a +0 dagger.
You die...

≈.≈≈≈≈≈.≈.###
§.≈...§.≈...#
≈.≈§_...≈...#
§§≈§..≈.≈.#.#
≈.≈§§≈≈.≈.#.#
≈§§.)...≈.#.#
≈≈≈≈§≈.≈≈.#.######.#
#
...†).g@..)........#
#
......######.#######
# ....# #.# ...
#.### . #...#
###.###### #......#
#..###.# #..# #.#


You could see Ijyb.

Vanquished Creatures
  An iguana (D:4)
  2 adders
  5 ball pythons
  4 bats
  3 endoplasms
  5 goblins
  3 hobgoblins
  2 frilled lizards (D:3)
  6 kobolds
  2 rats
33 creatures vanquished.

Notes
Turn   | Place    | Note
-------+----------+-------------------------------------------
     0 | D:1      | imdaedric the Deep Elf Conjurer began the quest for the
                  | Orb.
     0 | D:1      | Reached XP level 1. HP: 10/10 MP: 6/6
   242 | D:1      | Reached XP level 2. HP: 15/15 MP: 5/8
  1055 | D:2      | Found Anuu's Weapon Boutique.
  1066 | D:2      | Learned a level 2 spell: Searing Ray
  1162 | D:2      | You fall into a shaft and drop 2 floors!
  1170 | D:4      | Reached skill level 5 in Conjurations
  1170 | D:4      | Reached XP level 3. HP: 19/19 MP: 3/10
  1304 | D:4      | Found a sparkling altar of Nemelex Xobeh.
  1308 | D:4      | Found a bloodstained altar of Trog.
  1652 | D:2      | Noticed Sigmund
  1796 | D:3      | Reached XP level 4. HP: 24/24 MP: 8/12
  1855 | D:3      | Found a glowing golden altar of the Shining One.
  2034 | D:3      | Noticed Ijyb
  2079 | D:3      | Found a snail-covered altar of Cheibriados.
  2106 | D:3      | Slain by Ijyb

Illustrated notes

Levels and vault maps discovered:
D:1:      tarquinn_simple_flora_water_d, layout_basic
D:2:      layout_basic, ebering_ecumenical_altar_rust, serial_shops,
          nicolae_shop_bloodbath_and_beyond, uniq_sigmund, uniq_terence
D:3:      layout_loops_ring, mainiacjoe_overflow_concentric_impassable,
          lemuel_doored_altar, uniq_ijyb
D:4:      layout_rooms, grunt_temple_overflow_open, serial_bayou,
          serial_bayou_lagoon_a, serial_bayou_ford_a, serial_bayou_pond_d,
          serial_bayou_shore_a, serial_bayou_crossing, serial_bayou_pond_a,
          serial_bayou_pond_a, minmay_misc_feat_doors

Skill      XL: |  1  2 |
---------------+-------+-----
Spellcasting   | 4 |  4.7
Conjurations   | 5 |  5.3
Dodging        | |  2.4
Stealth        | |  2.4
Earth Magic    | |  0.6

Action                     |  1- 3 |  4- 6 || total
---------------------------+-------+-------++-------
   Cast: Magic Dart        |    31 |     4 ||    35
         Searing Ray       |     4 |     5 ||     9
    Use: Scroll            |     3 |       ||     3
 Armour: Robe              |     3 |     1 ||     4
  Dodge: Dodged            |     1 |       ||     1
